 Dungeon Crawl Stone Soup version 0.16-a0-2038-g968ce0a (webtiles) character file.

14651 Fiveotanaka the Basher (level 11, -5/85 HPs)
             Began as a Minotaur Fighter on Nov 10, 2014.
             Was an Elder of Qazlal.
             Slain by a six-headed hydra (6 damage)
             ... on level 3 of the Lair of Beasts.
             The game lasted 00:44:36 (13610 turns).

Fiveotanaka the Basher (Minotaur Fighter)          Turns: 13610, Time: 00:44:36

Health: -5/85      AC: 18    Str: 24      XL:     11   Next: 91%
Magic:  4/4        EV: 12    Int:  0 (3)  God:    Qazlal [****..]
Gold:   316        SH: 15    Dex: 12 (13) Spells: 0 memorised, 10 levels left

rFire  . . .     SeeInvis .     a - +0 flail
rCold  . . .     Clarity  +     K - +0 plate armour
rNeg   . . .     SustAb   .     c - +0 shield (curse)
rPois  .         Gourm    .     (helmet restricted)
rElec  .         Spirit   .     B - +1 cloak
rCorr  .         Warding  .     (no gloves)
rMut   .         Rnd*Tele +     x - +0 pair of boots
MR     +....                    (no amulet)
Stlth  ..........               p - +3 ring of strength
                                J - +5 ring of evasion

@: lost intelligence, repel missiles, very slow, somewhat resistant to hostile
enchantments, extremely unstealthy
A: retaliatory headbutt, horns 2, talons 1, clarity, deterioration 1, dopey 1,
magic resistance 1, teleportitis 1
a: Upheaval, Elemental Force, Renounce Religion


You were on level 3 of the Lair of Beasts.
You worshipped Qazlal.
Qazlal was greatly pleased with you.
You were hungry.

You visited 3 branches of the dungeon, and saw 12 of its levels.
You also visited: Volcano.

You collected 694 gold pieces.
You spent 378 gold pieces at shops.

Inventory:

Hand weapons
 a - a +0 flail (weapon)
 b - a +2 trident
 m - a +1 broad axe of flaming
 w - a +2 war axe of electrocution
Armour
 c - a cursed +0 shield (worn)
 x - a +0 pair of boots (worn)
 B - a +1 cloak (worn)
 K - a +0 plate armour (worn)
 P - the +2 robe of Inviolability {Stlth++, unknown}
   (You found it on level 1 of the Lair of Beasts)

   It makes you much more stealthy.
Jewellery
 g - an uncursed ring of magical power
 p - a +3 ring of strength (right hand)
 G - a +2 ring of strength
 H - an uncursed ring of fire
 J - a +5 ring of evasion (left hand)
Magical devices
 l - a wand of frost (15)
 y - a wand of teleportation (6)
 N - a wand of cold (4)
 Q - a wand of fire (10)
 S - a wand of teleportation (5)
 T - a wand of magic darts (17)
 U - a wand of paralysis (12)
Scrolls
 j - 4 scrolls of teleportation
 k - 3 scrolls of enchant weapon {unknown}
 o - a scroll of enchant armour {unknown}
 q - 3 scrolls of fog
 t - 8 scrolls of identify
 A - a scroll of torment {unknown}
 D - 2 scrolls of blinking
 I - 2 scrolls of remove curse
 M - 2 scrolls of fear
Potions
 e - 2 potions of might
 i - a potion of magic {unknown}
 n - a potion of brilliance
 r - 2 potions of haste
 u - a potion of beneficial mutation {unknown}
 v - 2 potions of restore abilities
 z - 3 potions of agility
 C - 3 potions of curing
 E - a potion of poison {unknown}
 F - a potion of invisibility
 O - a potion of resistance {unknown}
 V - 2 potions of lignification {unknown}
 W - a potion of confusion {unknown}
Books
 R - a book of Dreams

   Spells                             Type                      Level
   Ensorcelled Hibernation            Hexes/Ice                    2
   Flight                             Charms/Air                   3
   Phase Shift                        Translocation                5
   Shadow Creatures                   Summoning                    5
   Mass Confusion                     Hexes                        6
   Darkness                           Hexes                        7
Comestibles
 d - 7 bread rations
 f - 3 slices of pizza
 h - 8 beef jerkies
 s - 2 meat rations
 L - 30 fruits


   Skills:
 - Level 4.4 Fighting
 - Level 14.0 Maces & Flails
 - Level 10.6 Armour
 + Level 13.0 Dodging
 - Level 0.1 Stealth
 - Level 4.4 Shields


You had 10 spell levels left.
You didn't know any spells.

Dungeon Overview and Level Annotations

Branches:
Dungeon (8/15)             Temple (1/1) D:5            Lair (3/8) D:8
  Swamp: Lair:3-6    Shoals: Lair:3-6     Snake: Lair:3-6    Spider: Lair:3-6

Altars:
Ashenzari
Cheibriados
Dithmenos
Elyvilon
Fedhas
Gozag
Kikubaaqudgha
Makhleb
Nemelex Xobeh
Okawaru
Qazlal
Ru
Sif Muna
Trog
Vehumet
Yredelemnul
The Shining One

Shops:
D:5 ?   D:7 [??(*


Innate Abilities, Weirdness & Mutations

You reflexively headbutt those who attack you in melee.
You have a pair of horns on your head.
You have sharp toenails.
You possess an exceptional clarity of mind.
Your body is slowly deteriorating.
You are dopey. (Int -2)
You are resistant to hostile enchantments.
Space occasionally distorts in your vicinity.


Message History

The six-headed hydra closely misses you.
The six-headed hydra bites you but does no damage.
You block the six-headed hydra's attack. x2
The six-headed hydra bites you.
* * * LOW HITPOINT WARNING * * *
The six-headed hydra barely misses you.
The six-headed hydra bites you but does no damage.
You block the six-headed hydra's attack.
Drink which item? (? for menu, Esc to quit)
You feel better. The six-headed hydra barely misses you.
The six-headed hydra bites you!
* * * LOW HITPOINT WARNING * * *
The six-headed hydra bites you but does no damage.
You block the six-headed hydra's attack.
The six-headed hydra misses you.
You block the six-headed hydra's attack.
The six-headed hydra bites you but does no damage.
You block the six-headed hydra's attack.
The six-headed hydra bites you.
You die...

###........#####........ ##
#.##..........##........
...P.###..#....................
.....P.........................
.........÷÷.......P#...........
.........##..P..####...........
#.#.#.#.#.#.#.#.## #...........
.............§.# #....<......
#.#.#.#.#.#.#@# #...........
...........D######...........
.#.#.#.#.#.#.#.## #........#.....
................# ##.......##P..#
.#.#.#†#.#.#.#.####......########
................#........###
#.#.#.#.#.#)#.#.#........<##
...D....>.........<.......#.#
#.#.#.#.#.#.#.#.............#


You could see a six-headed hydra.

Vanquished Creatures
  Erica (Lair:2)
  A salamander mystic (Volcano)
  2 salamanders (Volcano)
  6 statues (Volcano)
  A black mamba (Lair:1)
  4 spiny frogs
  3 komodo dragons
  A troll (D:7)
  3 blink frogs (Lair:1)
  2 hippogriffs
  Eustachio (D:6)
  2 yaks
  2 fire bats (Volcano)
  8 wolves
  A deep elf fighter (D:8)
  3 porcupines
  4 water moccasins
  3 orc warriors
  3 sky beasts
  4 ice beasts
  A black bear (D:7)
  4 ogres
  A phantom (D:4)
  6 crocodiles
  5 centaurs
  Duvessa (D:6)
  A big kobold (D:8)
  7 giant frogs
  An electric eel (Lair:2)
  11 lava snakes (Volcano)
  2 scorpions
  A jelly (D:8)
  Dowan (D:6)
  2 crimson imps
  2 goliath beetles (D:6)
  4 orc priests
  5 hounds
  4 iguanas
  4 worker ants (D:4)
  5 orc wizards
  Ijyb (D:7)
  A mummy (D:7)
  A gnoll (D:1)
  24 green rats
  12 adders
  A shadow imp (D:5)
  5 worms (D:2)
  An adder skeleton (D:6)
  3 giant geckos
  2 oozes
  24 orcs
  2 ball pythons
  A bat zombie (D:8)
  12 goblins
  12 hobgoblins
  7 quokkas
  30 bats
  6 giant cockroaches
  4 giant newts
  A giant spore (D:8)
  6 jackals
  24 kobolds
  An orc skeleton (D:6)
  24 rats
  A rat zombie (D:5)
  3 ballistomycetes (D:8)
  6 fungi
  9 plants
347 creatures vanquished.

Vanquished Creatures (others)
  6 fungi
  2 plants (Lair:3)
8 creatures vanquished.

Grand Total: 355 creatures vanquished

Notes
Turn   | Place    | Note
--------------------------------------------------------------
     0 | D:1      | Fiveotanaka, the Minotaur Fighter, began the quest for the Orb.
     0 | D:1      | Reached XP level 1. HP: 19/19 MP: 1/1
   211 | D:1      | Reached skill level 4 in Fighting
   211 | D:1      | Reached XP level 2. HP: 5/27 MP: 1/1
   759 | D:1      | Reached XP level 3. HP: 33/33 MP: 2/2
  1135 | D:2      | Reached skill level 1 in Dodging
  1597 | D:2      | Reached XP level 4. HP: 40/40 MP: 2/2
  1619 | D:2      | Found a basalt altar of Yredelemnul.
  2253 | D:3      | Reached XP level 5. HP: 29/47 MP: 2/2
  2441 | D:3      | Found a bloodstained altar of Trog.
  2441 | D:3      | Found a deep blue altar of Sif Muna.
  2441 | D:3      | Found an opulent altar of Gozag.
  2831 | D:4      | Found a snail-covered altar of Cheibriados.
  2875 | D:4      | Reached skill level 5 in Maces & Flails
  2881 | D:4      | Noticed a phantom
  2903 | D:4      | Killed a phantom
  2903 | D:4      | Reached skill level 6 in Maces & Flails
  2903 | D:4      | Reached XP level 6. HP: 53/53 MP: 3/3
  3433 | D:4      | Found a shattered altar of Ashenzari.
  3434 | D:4      | Found an ancient bone altar of Kikubaaqudgha.
  3584 | D:5      | Entered Level 5 of the Dungeon
  3648 | D:5      | Reached skill level 7 in Maces & Flails
  3787 | D:5      | Reached skill level 8 in Maces & Flails
  3787 | D:5      | Reached XP level 7. HP: 60/60 MP: 3/3
  3884 | D:5      | Gained mutation: You possess an exceptional clarity of mind. [mutagenic meat]
  3885 | D:5      | Gained mutation: Space occasionally distorts in your vicinity. [mutagenic meat]
  3886 | D:5      | Gained mutation: You have sharp toenails. [mutagenic meat]
  4195 | D:5      | Found a staircase to the Ecumenical Temple.
  4387 | Temple   | Entered the Ecumenical Temple
  4431 | Temple   | Became a worshipper of Qazlal Stormbringer
  4586 | D:5      | Found Reinergh's Magic Scroll Shop.
  4622 | D:5      | Bought a scroll of fog for 22 gold pieces
  4622 | D:5      | Bought a scroll of identify for 22 gold pieces
  4622 | D:5      | Bought a scroll of remove curse for 33 gold pieces
  4622 | D:5      | Bought a scroll of blinking for 82 gold pieces
  4622 | D:5      | Bought a scroll of noise for 11 gold pieces
  4908 | D:5      | Reached skill level 9 in Maces & Flails
  4915 | D:5      | Gained mutation: You are dopey. (Int -2) [mutagenic meat]
  4916 | D:5      | Gained mutation: You are resistant to hostile enchantments. [mutagenic meat]
  4917 | D:5      | Gained mutation: You are frail (-10% HP). [mutagenic meat]
  5082 | D:6      | Reached skill level 10 in Maces & Flails
  5089 | D:6      | Reached XP level 8. HP: 48/60 MP: 3/3
  5309 | D:6      | Noticed Duvessa
  5310 | D:6      | Noticed Dowan
  5315 | D:6      | Killed Duvessa
  5315 | D:6      | Reached skill level 11 in Maces & Flails
  5339 | D:6      | Killed Dowan
  5339 | D:6      | Acquired Qazlal's first power
  5535 | D:6      | Found a burning altar of Makhleb.
  6065 | D:6      | Reached skill level 12 in Maces & Flails
  6248 | D:6      | Noticed Eustachio
  6261 | D:6      | Killed Eustachio
  6313 | D:6      | Reached XP level 9. HP: 53/64 MP: 4/4
  6465 | D:6      | Noticed an Executioner
  6495 | D:7      | Found Thirch's Magic Scroll Shop.
  6499 | D:7      | Noticed Ijyb
  6500 | D:7      | Reached skill level 13 in Maces & Flails
  6509 | D:7      | Killed Ijyb
  6597 | D:7      | Found Jypraffa's Weapon Shop.
  6614 | D:7      | Acquired Qazlal's second power
  6660 | D:7      | Bought 3 scrolls of identify for 66 gold pieces
  6660 | D:7      | Bought a scroll of immolation for 38 gold pieces
  6660 | D:7      | Bought a scroll of identify for 22 gold pieces
  6666 | D:7      | Lost mutation: You are frail (-10% HP). [potion of mutation]
  6666 | D:7      | Gained mutation: Your body is slowly deteriorating. [potion of mutation]
  6744 | D:7      | Found Thratzaa's Armour Boutique.
  6795 | D:7      | Found Olloif's Magic Scroll Emporium.
  6883 | D:7      | Bought a scroll of random uselessness for 11 gold pieces
  6883 | D:7      | Bought a scroll of fear for 38 gold pieces
  6933 | D:7      | Found Stutyt's Assorted Antiques.
  6942 | D:7      | Bought a scroll labeled MIERON UNNAUGU for 33 gold pieces
  7095 | D:7      | Reached skill level 14 in Maces & Flails
  7354 | D:8      | Reached skill level 5 in Armour
  7631 | D:8      | Acquired Qazlal's third power
  7916 | D:8      | Found a staircase to the Lair.
  7943 | D:8      | Reached XP level 10. HP: 80/80 MP: 4/4
  8488 | Lair:1   | Entered Level 1 of the Lair of Beasts
  8563 | Lair:1   | Found a dark tunnel.
  8594 | Volcano  | Entered a volcano
  8623 | Volcano  | Reached skill level 10 in Armour
  8868 | Volcano  | Noticed a lasher statue
  8868 | Volcano  | Noticed a lasher statue
  9171 | Volcano  | Noticed a lasher statue
  9171 | Volcano  | Noticed a lasher statue
  9262 | Volcano  | Killed a lasher statue
  9331 | Volcano  | Noticed a salamander mystic
  9540 | Volcano  | Killed a salamander mystic
  9540 | Volcano  | Reached skill level 5 in Dodging
  9912 | Volcano  | Killed a lasher statue
  9937 | Volcano  | Killed a lasher statue
 10012 | Volcano  | Killed a lasher statue
 10026 | Volcano  | Lost intelligence.
 10052 | Volcano  | Noticed a lasher statue
 10065 | Volcano  | Killed a lasher statue
 10098 | Volcano  | Noticed a lasher statue
 10099 | Volcano  | Noticed a salamander
 10118 | Volcano  | Killed a salamander
 10118 | Volcano  | Reached XP level 11. HP: 15/85 MP: 4/4
 10435 | Volcano  | Killed a lasher statue
 10478 | Volcano  | Noticed a salamander
 10522 | Volcano  | Killed a salamander
 10785 | Volcano  | Found a burning altar of Makhleb.
 10810 | Lair:1   | Noticed a black mamba
 10831 | Lair:1   | Killed a black mamba
 11108 | Lair:1   | Got a bloodstained robe
 11145 | Lair:1   | Reached skill level 10 in Dodging
 11216 | Lair:1   | Acquired Qazlal's fourth power
 12103 | Lair:2   | Noticed Erica
 12420 | Lair:2   | Killed Erica
 13010 | Lair:2   | Lost intelligence.
 13533 | Lair:3   | HP: 4/85 [poisoned by a spiny frog]
 13538 | Lair:3   | HP: 4/85 [poisoned by a spiny frog]
 13601 | Lair:3   | Noticed a six-headed hydra
 13608 | Lair:3   | HP: 2/85 [six-headed hydra (7)]
 13610 | Lair:3   | Slain by a six-headed hydra

Action                   |  1- 3 |  4- 6 |  7- 9 | 10-12 || total
-------------------------+-------+-------+-------+-------++-------
Melee: Flail             |   104 |   160 |   396 |   642 ||  1302
  Use: Scroll            |       |     2 |     7 |     2 ||    11
       Potion            |       |       |     1 |     4 ||     5
  Eat: Chunk             |     2 |     2 |    17 |     9 ||    30
       Meat ration       |       |     1 |       |       ||     1
       Beef jerky        |       |       |     2 |     1 ||     3
       Fruit             |       |       |       |     4 ||     4
       Bread ration      |       |       |       |     1 ||     1
